 Dungeon Crawl Stone Soup version 0.21-b1-21-g86478ac299 (webtiles) character file.

1288 2ustice the Caller (level 8, -5/78 HPs)
             Began as a Human Summoner on Jan 4, 2018.
             Was an Initiate of Hepliaklqana.
             Slain by an orc warrior
             ... wielding a +0 short sword
              (6 damage)
             ... on level 7 of the Dungeon.
             The game lasted 00:34:16 (7127 turns).

2ustice the Caller (Human Summoner)                 Turns: 7127, Time: 00:34:18

Health: -5/78      AC: 10    Str: 14    XL:     8   Next: 85%
Magic:  4/15       EV: 15    Int: 18    God:    Hepliaklqana [......]
Gold:   361        SH:  0    Dex: 17    Spells: 5/16 levels left

rFire    . . .     SeeInvis .   i - +1 falchion (holy)
rCold    . . .     Gourm    .   (no shield)
rNeg     + . .     Faith    .   F - +1 robe {rN+}
rPois    +         Spirit   .   t - +1 helmet (curse)
rElec    .         Reflect  .   d - +0 cloak
rCorr    .         Harm     .   g - +0 pair of gloves (curse)
MR       .....                  m - +2 pair of boots
Stlth    ..........             (no amulet)
HPRegen  0.23/turn              (no ring)
MPRegen  0.14/turn              (no ring)

@: berserking, very quick
A: reduced essence, agile 2, poison resistance, robust 1
a: Recall Ancestor, Ancestor Identity, Renounce Religion


You were on level 7 of the Dungeon.
You worshipped Hepliaklqana.
Hepliaklqana was noncommittal.
You were hungry.

You visited 2 branches of the dungeon, and saw 8 of its levels.
You also visited: Sewer.

You collected 361 gold pieces.

Inventory:

Hand Weapons
 i - a +1 falchion of holy wrath (weapon)
 p - a +1 hunting sling of freezing
 u - a +2 hunting sling of flaming
 A - a +1 flail of protection
 B - a +0 spear of pain
Missiles
 l - 44 sling bullets
 r - 3 poisoned tomahawks (quivered)
Armour
 a - a +2 robe
 d - a +0 cloak (worn)
 g - a cursed +0 pair of gloves (worn)
 m - a +2 pair of boots (worn)
 t - a cursed +1 helmet (worn)
 F - a +1 robe of positive energy (worn)
Wands
 w - a wand of disintegration (34)
 y - a wand of flame (24)
Scrolls
 f - 6 scrolls of teleportation
 q - 4 scrolls of remove curse
 s - a scroll of fear
 v - a scroll of immolation {unknown}
 z - 2 scrolls of fog {unknown}
 D - a scroll of enchant weapon {unknown}
Potions
 e - 2 potions of agility {unknown}
 h - 3 potions of heal wounds {unknown}
 j - a potion of haste {unknown}
 k - 5 potions of curing
 o - a potion of lignification
 x - 2 potions of flight
 E - a potion of brilliance {unknown}
Books
 b - a book of Callings

   Spells                             Type                      Level
   a - Summon Small Mammal            Summoning                    1
   b - Call Imp                       Summoning                    2
   c - Call Canine Familiar           Summoning                    3
   d - Summon Guardian Golem          Hexes/Summoning              3
   e - Summon Lightning Spire         Summoning/Air                4
   f - Summon Ice Beast               Ice/Summoning                4
 C - a book of Minor Magic

   Spells                             Type                      Level
   a - Magic Dart                     Conjuration                  1
   b - Blink                          Translocation                2
   c - Call Imp                       Summoning                    2
   d - Slow                           Hexes                        2
   e - Conjure Flame                  Conjuration/Fire             3
   f - Mephitic Cloud                 Conjuration/Poison/Air       3
Comestibles
 c - 8 rations
 G - a chunk of flesh


   Skills:
 + Level 5.3 Dodging
 - Level 2.0 Stealth
 + Level 4.9 Spellcasting
 * Level 2.5 Conjurations
 + Level 7.7 Summonings


You had 5 spell levels left.
You knew the following spells:

 Your Spells              Type           Power        Failure   Level  Hunger
a - Summon Small Mammal   Summ           ####         1%          1    None
b - Call Imp              Summ           ####....     1%          2    #......
c - Summon Guardian Gole  Hex/Summ       ###.....     9%          3    ###....
d - Summon Ice Beast      Ice/Summ       ###.....     26%         4    ####...
e - Magic Dart            Conj           ##..         4%          1    None


Dungeon Overview and Level Annotations

Branches:
Dungeon (7/15)             Temple (1/1) D:5

Altars:
Ashenzari
Cheibriados
Dithmenos
Elyvilon
Fedhas
Gozag
Hepliaklqana
Kikubaaqudgha
Makhleb
Nemelex Xobeh
Okawaru
Qazlal
Ru
Sif Muna
Trog
Uskayaw
Vehumet
Wu Jian
Xom
Yredelemnul
Zin
The Shining One

Shops:
D:5 :


Innate Abilities, Weirdness & Mutations

Your life essence is reduced to manifest your ancestor. (-10% HP)
You are very agile. (Dex +4)
Your system is resistant to poisons. (rPois)
You are robust. (+10% HP)


Message History

The orc warrior is lightly wounded.
You barely miss the phantom.
The phantom is almost destroyed.
The orc warrior hits you with a long sword.
* * * LOW HITPOINT WARNING * * *
Beorhtric hits the orc warrior.
The phantom hits you but does no damage.
The orc warrior misses you.
You are too berserk!
You slash the phantom!
You destroy the phantom!
Beorhtric hits the orc warrior but does no damage.
The orc warrior hits you but does no damage. x2
You closely miss the orc wizard.
The orc wizard hits you but does no damage.
Beorhtric hits the orc warrior.
The orc warrior barely misses you.
You riposte.
You closely miss the orc warrior.
The orc warrior is moderately wounded.
The orc warrior hits you with a short sword.
You die...

#.......# ###.#
#.....o{#####.รท.#
#.....oo'o..#.###
#.......#.#.#.#
#####.....#.#.#
#.#####.5.#
#.###....##
#....o##.#
######@o{#
#######o###
#.....R.#
#.#######
#.#####<#
#.......#
#########


You could see the friendly Beorhtric the ancestor, 2 orc warriors and an orc
wizard.

Vanquished Creatures
  The ghost of BrokenGlass the Martial Artist, a novice OpFi of Ashenzari (D:5)
  A phantom (D:7)
  A gnoll shaman (D:3)
  A bullfrog skeleton (D:4)
  A hound zombie (D:6)
  A hound skeleton (D:7)
  A howler monkey skeleton (D:4)
  An adder (D:5)
  A river rat (Sewer)
  A shadow imp (D:7)
  An adder skeleton (D:6)
  A dart slug (D:2)
  2 leopard geckos
  4 orcs (D:4)
  A giant cockroach (D:5)
  7 goblins
  2 hobgoblins (D:3)
  4 jackals
  A kobold (D:3)
  3 quokkas
  3 bats (D:3)
  2 frilled lizards
  A quokka skeleton (D:7)
  5 rats
47 creatures vanquished.

Vanquished Creatures (collateral kills)
  Eustachio (D:6)
  Edmund (D:6)
  A sky beast (D:6)
  A phantom (D:6)
  2 ogres (D:6)
  A big kobold (Sewer)
  Blork the orc (D:6)
  A scorpion (D:6)
  A crimson imp (D:6)
  A jelly (D:5)
  A gnoll shaman (D:6)
  2 hounds
  An orc wizard (D:4)
  A centaur skeleton (D:4)
  An iguana (D:5)
  A worker ant (D:6)
  A statue (D:6)
  2 worker ant zombies (D:6)
  Robin (D:4)
  6 gnolls
  2 adders
  An ooze (D:1)
  A leopard gecko (D:6)
  4 orcs
  A ball python (D:2)
  10 goblins (D:4)
  8 hobgoblins
  15 jackals
  2 kobolds
  3 bats
  2 frilled lizards (D:1)
  4 rats
81 creatures vanquished.

Vanquished Creatures (others)
  3 ancestors
3 creatures vanquished.

Grand Total: 131 creatures vanquished

Notes
Turn   | Place    | Note
-------+----------+-------------------------------------------
     0 | D:1      | 2ustice the Human Summoner began the quest for the Orb.
     0 | D:1      | Reached XP level 1. HP: 13/13 MP: 3/3
   541 | D:1      | Reached XP level 2. HP: 8/19 MP: 0/5
  1411 | D:2      | Learned a level 2 spell: Call Imp
  1504 | D:2      | Reached XP level 3. HP: 24/24 MP: 1/6
  1711 | D:3      | Gained mutation: You are partially covered in molten scales. (AC +2) [potion of mutation]
  1711 | D:3      | Gained mutation: Your mind is acute. (Int +2) [potion of mutation]
  1711 | D:3      | Gained mutation: Your system is resistant to poisons. (rPois) [potion of mutation]
  2468 | D:3      | Reached XP level 4. HP: 21/30 MP: 1/8
  2964 | D:4      | Lost mutation: You are partially covered in molten scales. (AC +2) [potion of mutation]
  2964 | D:4      | Gained mutation: You are clumsy. (Dex -2) [potion of mutation]
  2964 | D:4      | Gained mutation: You are robust. (+10% HP) [potion of mutation]
  3051 | D:4      | Reached skill level 5 in Summonings
  3051 | D:4      | Reached XP level 5. HP: 32/38 MP: 4/9
  3079 | D:4      | Learned a level 3 spell: Summon Guardian Golem
  3813 | D:4      | Noticed Robin
  3831 | D:4      | Killed Robin
  3831 | D:4      | Reached XP level 6. HP: 36/45 MP: 3/10
  3925 | D:5      | Entered Level 5 of the Dungeon
  3939 | D:5      | Learned a level 4 spell: Summon Ice Beast
  4248 | D:5      | Found Fokle's Book Shoppe.
  4263 | D:5      | Found a staircase to the Ecumenical Temple.
  4282 | Temple   | Entered the Ecumenical Temple
  4334 | Temple   | Became a worshipper of Hepliaklqana the Forgotten
  4472 | D:5      | Noticed BrokenGlass's ghost (novice OpFi)
  4528 | D:5      | Killed BrokenGlass's ghost
  4528 | D:5      | Reached skill level 6 in Summonings
  4528 | D:5      | Reached XP level 7. HP: 41/46 MP: 0/12
  5050 | D:6      | Found a glowing drain.
  5054 | Sewer    | Entered a sewer
  5162 | Sewer    | Found a white marble altar of Elyvilon.
  5254 | D:6      | Found a radiant altar of Vehumet.
  5456 | D:6      | Reached skill level 7 in Summonings
  5456 | D:6      | Reached XP level 8. HP: 33/52 MP: 11/14
  5605 | D:6      | Noticed Edmund
  5678 | D:6      | Killed Edmund
  5685 | D:6      | Lost mutation: Your mind is acute. (Int +2) [potion of mutation]
  5685 | D:6      | Lost mutation: You are clumsy. (Dex -2) [potion of mutation]
  5685 | D:6      | Gained mutation: You are agile. (Dex +2) [potion of mutation]
  5685 | D:6      | Gained mutation: You are very agile. (Dex +4) [potion of mutation]
  5811 | D:6      | Noticed Eustachio
  5909 | D:6      | Learned a level 1 spell: Magic Dart
  6116 | D:6      | Noticed Blork the orc
  6139 | D:6      | Killed Blork the orc
  6139 | D:6      | Reached skill level 5 in Dodging
  6139 | D:6      | Reached skill level 1 in Conjurations
  6472 | D:6      | Killed Eustachio
  7123 | D:7      | HP: 3/78 [orc warrior/short sword (15)]
  7125 | D:7      | HP: 1/78 [orc warrior/long sword (3)]
  7127 | D:7      | Slain by an orc warrior

Skill      XL: |  1  2  3  4  5  6  7  8 |
---------------+-------------------------+-----
Summonings     | 5 6 7 |  7.7
Dodging        | 3 4 5 |  5.3
Spellcasting   | 3 4 |  4.9
Conjurations   | 2 |  2.5
Stealth        | |  2.0

Action                   |  1- 3 |  4- 6 |  7- 9 || total
-------------------------+-------+-------+-------++-------
Melee: Unarmed           |    51 |       |       ||    51
       Spear             |    13 |       |     6 ||    19
       Falchion          |    41 |    70 |    86 ||   197
       Quarterstaff      |     3 |       |       ||     3
       Flail             |       |       |     3 ||     3
 Fire: Hunting sling     |     4 |     1 |     4 ||     9
 Cast: Summon Small Mamm |    38 |     3 |     1 ||    42
       Call Imp          |     9 |    30 |    66 ||   105
       Summon Guardian G |       |     2 |       ||     2
       Magic Dart        |       |       |     4 ||     4
Invok: Recall Ancestor   |       |     1 |     4 ||     5
       Ancestor Identity |       |     1 |       ||     1
  Use: Scroll            |    10 |     4 |     4 ||    18
       Potion            |     1 |     2 |     3 ||     6
 Stab: Sleeping          |     1 |     1 |       ||     2
       Distracted        |     2 |       |     1 ||     3
  Eat: Chunk             |     6 |     8 |     9 ||    23
Armor: Robe              |    34 |    33 |    60 ||   127
       Skin              |       |     5 |       ||     5
Dodge: Dodged            |    90 |    85 |    93 ||   268
       Rpst.: Falchion   |    14 |    35 |    22 ||    71
